[Event "Titled Tuesday Blitz November 07 Early 2023"]
[White "Dwilewicz, Katarzyna"]
[Black "Ismayilova, Khanim"]
[WhiteFideId "1148486"]
[BlackFideId "13429019"]
[WhiteElo "2376"]
[BlackElo "2142"]
[Result "1-0"]
[Round "6"]
[TimeControl "180+1"]
[Date "2023.11.07"]
[WhiteClock "0:00:13"]
[BlackClock "0:00:01"]
[Board "188"]

1. Nf3 Nf6 2. g3 g6 3. b3 Bg7 4. Bb2 O-O 5. Bg2 d5 6. O-O c5 7. d4 cxd4 8. Nxd4 Nc6 9. e3 Bg4 10. f3 Nxd4 11. Bxd4 Bf5 12. Nd2 Rc8 13. Rc1 Qa5 14. a4 Qc7 15. c4 Bd3 16. Rf2 Qd7 17. c5 Rfe8 18. Bb2 Qe6 19. Bd4 Qd7 20. Nf1 Ba6 21. Rd2 e5 22. Bb2 Rcd8 23. b4 b6 24. b5 Bc8 25. c6 Qc7 26. g4 e4 27. g5 exf3 28. Bxf3 Ne4 29. Bxe4 Bxb2 30. Rxb2 Rxe4 31. Rd2 Rg4+ 32. Ng3 Rxg5 33. e4 Qf4 34. Rf2 Qe3 35. Qe1 Qd4 36. Rd1 Qc5 37. exd5 Rdxd5 38. Qe8+ Kg7 39. Qxf7+ Kh6 40. Rxd5 Rxd5 41. Qf8+ Qxf8 42. Rxf8 Kg5 43. Rxc8 Rd1+ 44. Kf2 Rd2+ 45. Ke3 Rxh2 46. Ne4+ Kf5 47. c7 Rc2 48. Rf8+ Kg4 49. c8=Q+ Rxc8 50. Rxc8 h5 51. Rc7 h4 52. Rxa7 h3 53. Rh7 h2 54. Rxh2 1-0


[Site "https://www.chess.com"]

[Event "Titled Tuesday Blitz November 07 Early 2023"]
[White "DonCiao"]
[Black "EvgenyBurmakin"]
[WhiteElo "2135"]
[BlackElo "2367"]
[Result "1/2-1/2"]
[Round "6"]
[TimeControl "180+1"]
[Date "2023.11.07"]
[WhiteClock "0:00:43"]
[BlackClock "0:00:06"]
[Board "189"]

1. c4 Nf6 2. g3 g6 3. Bg2 Bg7 4. Nc3 O-O 5. e4 d6 6. Nge2 e5 7. O-O Nc6 8. d3 Nd4 9. Nxd4 exd4 10. Ne2 c5 11. h3 Nd7 12. f4 f5 13. exf5 gxf5 14. Bd5+ Kh8 15. Kh2 Nf6 16. Bf3 d5 17. b3 Be6 18. Bd2 Qd7 19. Qe1 Rae8 20. Qf2 b6 21. Rae1 Ne4 22. dxe4 dxe4 23. Bh5 Re7 24. Ng1 e3 25. Bxe3 dxe3 26. Qxe3 Bd4 27. Qf3 Rg7 28. Ne2 Bf6 29. Rd1 Qc7 30. Rd3 Bc8 31. Nc3 Bd4 32. Nd5 Qc6 33. Re1 Bb7 34. Qe2 Qh6 35. Bf3 Rfg8 36. Rxd4 Rxg3 37. Bg2 Rxg2+ 38. Qxg2 Rxg2+ 39. Kxg2 Qg7+ 40. Kf3 Qxd4 41. Re8+ Kg7 42. Re7+ Kh6 43. Rxb7 Qe4+ 44. Kg3 Qe1+ 45. Kf3 Qf1+ 46. Kg3 Qg1+ 47. Kf3 Qf1+ 48. Kg3 Qe1+ 49. Kf3 Qf1+ 1/2-1/2


[Site "https://www.chess.com"]

[Event "Titled Tuesday Blitz November 07 Early 2023"]
[White "ChessDojo"]
[Black "Spichkin, Alexander"]
[BlackFideId "4144074"]
[WhiteElo "2132"]
[BlackElo "2355"]
[Result "0-1"]
[Round "6"]
[TimeControl "180+1"]
[Date "2023.11.07"]
[WhiteClock "0:02:11"]
[BlackClock "0:00:59"]
[Board "190"]

1. d4 e6 2. c4 f5 3. Nc3 Nf6 4. f3 Bb4 5. e3 Nh5 6. Ne2 Qh4+ 7. g3 Qf6 8. Bg2 O-O 9. O-O Qf7 10. e4 c5 11. d5 e5 12. a3 Bxc3 13. Nxc3 f4 14. gxf4 Nxf4 15. Bxf4 Qxf4 16. Qc1 d6 17. Qxf4 Rxf4 18. Ne2 Rf8 19. f4 Bg4 20. Bf3 Bxf3 21. Rxf3 Nd7 22. Raf1 exf4 23. Rxf4 Rxf4 24. Rxf4 Ne5 25. b3 a5 26. Kf2 a4 27. Ng3 axb3 28. Nf5 b2 29. Ne7+ Kh8 0-1


[Site "https://www.chess.com"]

[Event "Titled Tuesday Blitz November 07 Early 2023"]
[White "Mayaud, Raphael"]
[Black "Flis, Pawel"]
[WhiteFideId "627151"]
[BlackFideId "1112864"]
[WhiteElo "2351"]
[BlackElo "2120"]
[Result "1-0"]
[Round "6"]
[TimeControl "180+1"]
[Date "2023.11.07"]
[WhiteClock "0:00:08"]
[BlackClock "0:00:00"]
[Board "191"]

1. d4 c5 2. d5 Nf6 3. Nc3 e6 4. e4 d6 5. Bb5+ Bd7 6. dxe6 fxe6 7. e5 dxe5 8. Bxd7+ Qxd7 9. Bg5 Qxd1+ 10. Rxd1 Nbd7 11. Nb5 Kf7 12. Nf3 a6 13. Bxf6 axb5 14. Rxd7+ Kxf6 15. O-O Rxa2 16. Rb1 b6 17. Rb7 Ra6 18. Nd2 c4 19. Ne4+ Kg6 20. Rb8 h6 21. Kf1 Kh7 22. Ke2 Bb4 23. Rb7 Kg6 24. c3 Ba5 25. Rd1 Raa8 26. Rdd7 Rhg8 27. Nd6 Rad8 28. Nxb5 Rxd7 29. Rxd7 Rc8 30. Nd6 Rc6 31. Nb5 Rc5 32. Nd6 Rd5 33. f3 b5 34. Ra7 Bb6 35. Rd7 Bc5 36. Rb7 Bxd6 37. Ke3 Bc5+ 38. Ke4 Bg1 39. h4 h5 40. g4 hxg4 41. fxg4 Bh2 42. h5+ Kg5 43. Rxg7+ Kh4 44. h6 Rd8 45. h7 Rh8 46. g5 Bf4 47. g6 Kh5 48. Rg8 Kh6 49. Rxh8 Kxg6 50. Rb8 Kxh7 51. Rxb5 Kg6 52. Rc5 Kf6 53. Rxc4 Ke7 54. b4 Kd6 55. b5 Bg3 56. Rc6+ Kd7 57. c4 Bf2 58. Ra6 1-0


[Site "https://www.chess.com"]

[Event "Titled Tuesday Blitz November 07 Early 2023"]
[White "Fajdetic, Hrvoje"]
[Black "Dahlgren, James Allen"]
[WhiteFideId "14501945"]
[BlackFideId "22256873"]
[WhiteElo "2345"]
[BlackElo "2082"]
[Result "0-1"]
[Round "6"]
[TimeControl "180+1"]
[Date "2023.11.07"]
[WhiteClock "0:00:00"]
[BlackClock "0:00:50"]
[Board "192"]

1. d4 e6 2. Bf4 c5 3. e3 Nf6 4. c3 d5 5. Bd3 Nc6 6. Nd2 Bd7 7. Ngf3 Qb6 8. Rb1 a5 9. O-O Be7 10. dxc5 Bxc5 11. e4 O-O 12. e5 Ne8 13. Bxh7+ Kxh7 14. Ng5+ Kg6 15. Qc2+ f5 16. exf6+ Kxf6 17. Nh7+ Ke7 18. Nxf8 Kxf8 19. Nf3 Nf6 20. Ng5 Kg8 21. Qg6 Rf8 22. Rbe1 e5 23. Bxe5 Nxe5 24. Rxe5 Be8 25. Qc2 Ne4 26. Rxd5 Nxg5 27. Rxg5 Bb5 28. Re1 Bxf2+ 29. Kh1 Bxe1 30. Qb3+ Rf7 31. Rf5 Qg6 32. Rxf7 Qxf7 33. Qxb5 Bxc3 0-1


[Site "https://www.chess.com"]

[Event "Titled Tuesday Blitz November 07 Early 2023"]
[White "Osiecki, Stanislaw"]
[Black "Topalov, Aleksandar"]
[WhiteFideId "1102990"]
[BlackFideId "925659"]
[WhiteElo "2111"]
[BlackElo "2334"]
[Result "0-1"]
[Round "6"]
[TimeControl "180+1"]
[Date "2023.11.07"]
[WhiteClock "0:00:00"]
[BlackClock "0:00:06"]
[Board "193"]

1. e4 e6 2. d4 d5 3. e5 Ne7 4. Bd3 Qd7 5. c3 b6 6. Ne2 Ba6 7. O-O Bxd3 8. Qxd3 c5 9. f4 h5 10. h4 Nbc6 11. Ng3 g6 12. Be3 Ng8 13. dxc5 bxc5 14. Nd2 c4 15. Qe2 Be7 16. Nf3 Rb8 17. Rfb1 Nh6 18. Bd4 Nxd4 19. cxd4 Qd8 20. b3 Bxh4 21. Nf1 O-O 22. bxc4 Rxb1 23. Rxb1 dxc4 24. Qxc4 Nf5 25. Rb7 Qa5 26. Qb3 Bd8 27. Rb5 Qa6 28. a4 Bb6 29. Qb4 Rd8 30. a5 Bxd4+ 31. Nxd4 Nxd4 32. Rb8 Rxb8 33. Qxb8+ Kg7 34. Qd8 Nf5 35. Qf6+ Kg8 36. Qd8+ Kh7 37. Qd7 Nh6 38. Qc7 Kg7 39. Nh2 Qe2 40. Nf3 Ng4 41. Qc1 Qf2+ 42. Kh1 Qg3 0-1


[Site "https://www.chess.com"]

[Event "Titled Tuesday Blitz November 07 Early 2023"]
[White "Winkels, Marcel"]
[Black "Samaganova, Aleksandra"]
[WhiteFideId "1003887"]
[BlackFideId "13800221"]
[WhiteElo "2073"]
[BlackElo "2331"]
[Result "0-1"]
[Round "6"]
[TimeControl "180+1"]
[Date "2023.11.07"]
[WhiteClock "0:00:24"]
[BlackClock "0:01:06"]
[Board "194"]

1. e4 c5 2. Nf3 e6 3. d4 cxd4 4. Nxd4 a6 5. Nc3 Qc7 6. g3 Bb4 7. Bg2 Bxc3+ 8. bxc3 Qxc3+ 9. Bd2 Qxd4 10. O-O Nc6 11. Qc1 Nge7 12. Be3 Qa4 13. f4 O-O 14. f5 f6 15. Bc5 Re8 16. Rb1 Ne5 17. Rb4 Qc6 18. Qe3 d6 19. Bd4 b5 20. c3 Bb7 21. fxe6 N7g6 22. h4 Nc4 23. Qf2 Nge5 24. h5 h6 25. Rbb1 Bc8 26. a4 Bxe6 27. axb5 axb5 28. Bh3 Bxh3 0-1


[Site "https://www.chess.com"]

[Event "Titled Tuesday Blitz November 07 Early 2023"]
[White "Djordjevic, Dejan N"]
[Black "Rose, Felix"]
[WhiteFideId "913316"]
[BlackFideId "5105722"]
[WhiteElo "2069"]
[BlackElo "2323"]
[Result "1-0"]
[Round "6"]
[TimeControl "180+1"]
[Date "2023.11.07"]
[WhiteClock "0:00:23"]
[BlackClock "0:00:00"]
[Board "195"]

1. e4 c5 2. Nc3 g6 3. g3 Bg7 4. Bg2 Nc6 5. Nge2 e6 6. O-O Nge7 7. d3 O-O 8. h3 b6 9. Bg5 h6 10. Be3 Bb7 11. Qd2 h5 12. d4 d6 13. Rad1 Qb8 14. Bh6 Bxh6 15. Qxh6 Nxd4 16. Nxd4 cxd4 17. Rxd4 d5 18. exd5 Nf5 19. Qd2 Nxd4 20. Qxd4 Qd8 21. Rd1 exd5 22. Nxd5 Bxd5 23. Bxd5 Rc8 24. c4 Qe7 25. b3 Rfe8 26. Qf4 Kg7 27. Kg2 Qf6 28. Qd2 Re5 29. Qc2 Rce8 30. Rd2 R8e7 31. a4 h4 32. g4 Qf4 33. b4 Re1 34. b5 Kh7 35. Bf3 Ra1 36. Rd1 Ra3 37. Rd3 Rxd3 38. Qxd3 Qe5 39. Qc2 Qf4 40. c5 bxc5 41. Qxc5 Re5 42. Qxa7 Kg7 43. b6 Re6 44. b7 Rf6 45. Qe3 Qb8 46. a5 Ra6 47. Qc3+ 1-0


[Site "https://www.chess.com"]

[Event "Titled Tuesday Blitz November 07 Early 2023"]
[White "Fernandez Garcia, Gumersindo"]
[Black "Ghosh, Chanchal Kumer"]
[WhiteFideId "24516740"]
[BlackFideId "10201858"]
[WhiteElo "2319"]
[BlackElo "1967"]
[Result "1-0"]
[Round "6"]
[TimeControl "180+1"]
[Date "2023.11.07"]
[WhiteClock "0:00:37"]
[BlackClock "0:00:00"]
[Board "196"]

1. e4 c5 2. a3 d5 3. exd5 Qxd5 4. Nf3 a6 5. Nc3 Qd6 6. Bc4 Bf5 7. O-O Nf6 8. d4 e6 9. d5 Be7 10. dxe6 fxe6 11. Qxd6 Bxd6 12. Re1 Kd7 13. Be3 Re8 14. Rad1 Kc7 15. Ng5 e5 16. Nf7 Bf8 17. f4 Ng4 18. Nxe5 Nxe3 19. Rxe3 Nc6 20. Nd5+ Kc8 21. Nb6+ Kc7 22. Nxa8+ Rxa8 23. Nxc6 bxc6 24. Bd3 Bg4 25. Be2 Bf5 26. Re5 g6 27. Bd3 Bg4 28. Rde1 Bd6 29. R5e4 Rb8 30. b3 Bf5 31. R4e2 Bxd3 32. cxd3 Rxb3 33. g3 Rxa3 34. Re8 a5 35. Rh8 Rxd3 36. Rxh7+ Kb6 37. Rb1+ Ka6 38. Rhb7 a4 39. R7b6+ Ka5 40. Rxc6 a3 41. Rc8 1-0


[Site "https://www.chess.com"]

[Event "Titled Tuesday Blitz November 07 Early 2023"]
[White "Fernandez Siles, Luis"]
[Black "Gyulamiryan-koryun"]
[WhiteFideId "2209420"]
[WhiteElo "2319"]
[BlackElo "1889"]
[Result "1-0"]
[Round "6"]
[TimeControl "180+1"]
[Date "2023.11.07"]
[WhiteClock "0:00:43"]
[BlackClock "0:00:00"]
[Board "197"]

1. d4 Nf6 2. c4 c5 3. e3 g6 4. Nf3 Bg7 5. Nc3 cxd4 6. exd4 O-O 7. d5 d6 8. Bd3 Nbd7 9. h3 Nc5 10. Bc2 b6 11. Nd4 Bb7 12. b4 Ncd7 13. O-O Ne5 14. Bb3 a5 15. b5 Ned7 16. a4 Nc5 17. Bc2 e5 18. Nc6 Qe8 19. Be3 Nfd7 20. Ra3 f5 21. f4 e4 22. Ne2 Nf6 23. Ned4 Nh5 24. Qe1 Nf6 25. Qh4 h6 26. g4 fxg4 27. hxg4 Nh7 28. f5 g5 29. Qh3 Nf6 30. Ne6 Nxe6 31. fxe6 Bxc6 32. bxc6 Qe7 33. Bd4 Nh7 34. Bxb6 Be5 35. c7 Rac8 36. Qe3 Rf4 37. Bxe4 1-0


[Site "https://www.chess.com"]

[Event "Titled Tuesday Blitz November 07 Early 2023"]
[White "Thake, Conrad"]
[Black "Pumpkin_in_moonlight"]
[WhiteFideId "5602947"]
[WhiteElo "1806"]
[BlackElo "2318"]
[Result "0-1"]
[Round "6"]
[TimeControl "180+1"]
[Date "2023.11.07"]
[WhiteClock "0:00:20"]
[BlackClock "0:00:10"]
[Board "198"]

1. e4 e5 2. Nf3 Nc6 3. d4 exd4 4. Bc4 Nf6 5. e5 d5 6. Bb5 Ne4 7. O-O Bc5 8. Bxc6+ bxc6 9. Nxd4 Ba6 10. Re1 Nxf2 11. Kxf2 Qh4+ 12. g3 Qxd4+ 13. Be3 Qxd1 14. Rxd1 Bxe3+ 15. Kxe3 Ke7 16. Nd2 c5 17. c3 Ke6 18. Nf3 h6 19. b3 g5 20. h3 Rag8 21. g4 h5 22. Rh1 Bb7 23. Rae1 hxg4 24. hxg4 Rxh1 25. Rxh1 d4+ 26. cxd4 cxd4+ 27. Nxd4+ Kxe5 28. Rh7 Kf6 29. Nf5 Bc8 30. Rh6+ Rg6 31. Rh8 Bxf5 32. gxf5 Kxf5 33. Ra8 Re6+ 34. Kf3 g4+ 35. Kg3 Re3+ 36. Kf2 Rf3+ 37. Kg2 Kf4 38. Rxa7 f5 39. Rxc7 Rd3 40. Rc4+ Kg5 41. Rc2 f4 42. Rc5+ Kh4 43. Rc2 g3 44. b4 f3+ 45. Kg1 Rd1# 0-1


[Site "https://www.chess.com"]

[Event "Titled Tuesday Blitz November 07 Early 2023"]
[White "Chxss_Khxsbu"]
[Black "Shapiro, Daniel"]
[BlackFideId "2001780"]
[WhiteElo "1863"]
[BlackElo "2317"]
[Result "0-1"]
[Round "6"]
[TimeControl "180+1"]
[Date "2023.11.07"]
[WhiteClock "0:00:11"]
[BlackClock "0:00:31"]
[Board "199"]

1. e4 c5 2. Nf3 Nc6 3. d4 cxd4 4. Nxd4 Nf6 5. Nc3 d6 6. Nxc6 bxc6 7. Bd3 e6 8. O-O Be7 9. f4 Qc7 10. Kh1 O-O 11. Qe2 e5 12. fxe5 dxe5 13. Bg5 Be6 14. Bc4 Bg4 15. Qe3 Bh5 16. Rae1 Bg6 17. h4 Qb6 18. Qxb6 axb6 19. Bxf6 Bxf6 20. g3 b5 21. Bb3 Rfb8 22. a3 Rd8 23. Rd1 Bh5 24. Rd3 Rxd3 25. cxd3 Rd8 26. Bc2 Be7 27. Rf5 Bg6 28. Rxe5 Bd6 29. Rg5 h6 30. Rg4 Bh5 31. Rf4 Bxf4 32. gxf4 Kf8 33. Kg1 Ke7 34. Kf2 Kd6 35. Ke3 Kc5 36. d4+ Rxd4 37. b4+ Kc4 38. Ne2 Rd8 39. Ng3 Bg4 40. Bb1 Ra8 41. e5 Rxa3+ 42. Ke4 Rxg3 0-1


[Site "https://www.chess.com"]

[Event "Titled Tuesday Blitz November 07 Early 2023"]
[White "Buscar, Michael"]
[Black "kingapolak"]
[WhiteFideId "2603616"]
[WhiteElo "2299"]
[BlackElo "2163"]
[Result "0-1"]
[Round "6"]
[TimeControl "180+1"]
[Date "2023.11.07"]
[WhiteClock "0:00:47"]
[BlackClock "0:01:24"]
[Board "200"]

1. Nf3 Nf6 2. b3 g6 3. Bb2 Bg7 4. e4 d6 5. Bc4 O-O 6. Qe2 e5 7. h3 Nc6 8. a3 Na5 9. Bd3 a6 10. O-O Nh5 11. Qe3 Nf4 12. Re1 Bxh3 13. gxh3 Qd7 14. Nh2 Nxh3+ 15. Kh1 Nf4 16. Bf1 Nc6 17. Nc3 Nd4 18. Rac1 f5 19. Nd5 Nde6 20. c4 c6 21. Nb6 Qe7 22. Nxa8 Rxa8 23. d3 Qh4 24. Qg3 Qh5 25. Rc2 Kf7 26. Bc1 Rg8 27. Bxf4 Nxf4 28. Qf3 Qh6 29. d4 Bf6 30. dxe5 Bxe5 31. Bg2 Nd3 0-1


[Site "https://www.chess.com"]

[Event "Titled Tuesday Blitz November 07 Early 2023"]
[White "Sviridova, Vlada"]
[Black "Sailer, Mike"]
[WhiteFideId "24109606"]
[BlackFideId "2012901"]
[WhiteElo "2192"]
[BlackElo "2070"]
[Result "1-0"]
[Round "6"]
[TimeControl "180+1"]
[Date "2023.11.07"]
[WhiteClock "0:01:03"]
[BlackClock "0:00:00"]
[Board "201"]

1. d4 g6 2. c4 Bg7 3. Nc3 c5 4. d5 d6 5. e4 Nf6 6. Bd3 O-O 7. h3 Na6 8. Nf3 Nc7 9. a4 Bd7 10. O-O b6 11. Re1 a6 12. Qc2 b5 13. axb5 axb5 14. Rxa8 Qxa8 15. cxb5 Rb8 16. Qe2 Qa5 17. Bd2 Qa8 18. Bc4 Be8 19. Bg5 Kf8 20. Rd1 Nd7 21. Bf4 Qa5 22. e5 Nxe5 23. Nxe5 dxe5 24. Bxe5 Bxe5 25. Qxe5 f6 26. Qf4 Kg7 27. d6 e5 28. dxc7 exf4 29. cxb8=Q 1-0


[Site "https://www.chess.com"]

[Event "Titled Tuesday Blitz November 07 Early 2023"]
[White "Petersson, Kjell"]
[Black "Kuchava, Ana"]
[WhiteFideId "1705148"]
[BlackFideId "13605348"]
[WhiteElo "2136"]
[BlackElo "2239"]
[Result "0-1"]
[Round "6"]
[TimeControl "180+1"]
[Date "2023.11.07"]
[WhiteClock "0:00:00"]
[BlackClock "0:00:18"]
[Board "203"]

1. d4 d5 2. Bf4 c5 3. e3 cxd4 4. exd4 Nc6 5. c3 Bf5 6. Nf3 e6 7. Bb5 Bd6 8. Bxd6 Qxd6 9. Qa4 Ne7 10. Ne5 O-O 11. Bxc6 Nxc6 12. Nxc6 bxc6 13. O-O c5 14. Qa3 Rfc8 15. Nd2 Qb6 16. Nb3 cxd4 17. Nxd4 Bg6 18. Rfe1 h6 19. Re3 Rab8 20. b3 Rc7 21. Rae1 Rbc8 22. Nxe6 Rxc3 23. Rxc3 Re8 24. Rce3 fxe6 25. Qb2 Bf5 26. Qe5 d4 27. R3e2 d3 28. Rd2 Rc8 29. h3 h5 30. Qf4 Qa5 31. Red1 Rc2 0-1


[Site "https://www.chess.com"]

[Event "Titled Tuesday Blitz November 07 Early 2023"]
[White "LionKing2367890"]
[Black "Fernandez Hernandez, Gerardo"]
[BlackFideId "2207400"]
[WhiteElo "2239"]
[BlackElo "2119"]
[Result "1-0"]
[Round "6"]
[TimeControl "180+1"]
[Date "2023.11.07"]
[WhiteClock "0:00:54"]
[BlackClock "0:00:00"]
[Board "204"]

1. e4 e6 2. d4 d5 3. exd5 exd5 4. Bd3 Nc6 5. Ne2 Bd6 6. c3 Nge7 7. O-O Bf5 8. Bf4 O-O 9. Na3 Re8 10. Nc2 Bxf4 11. Nxf4 Qd6 12. g3 Nd8 13. Ne3 Bxd3 14. Qxd3 Ne6 15. Nxe6 Qxe6 16. Rae1 Ng6 17. f4 Nf8 18. f5 Qd6 19. f6 g6 20. Ng4 Ne6 21. Re5 Qf8 22. Rfe1 c6 23. h4 h5 24. Rxe6 hxg4 25. Re7 Rxe7 26. fxe7 Qe8 27. Qe2 Kg7 28. Qxg4 f5 29. Qg5 Qf7 30. h5 Re8 31. Re5 1-0


[Site "https://www.chess.com"]

[Event "Titled Tuesday Blitz November 07 Early 2023"]
[White "Kiseljova, Marya"]
[Black "Yushko, Olga"]
[WhiteFideId "4155009"]
[BlackFideId "14114500"]
[WhiteElo "2217"]
[BlackElo "2075"]
[Result "0-1"]
[Round "6"]
[TimeControl "180+1"]
[Date "2023.11.07"]
[WhiteClock "0:00:47"]
[BlackClock "0:01:24"]
[Board "206"]

1. d4 e6 2. c4 f5 3. Nf3 d6 4. g3 Nf6 5. Bg2 Be7 6. O-O O-O 7. Nc3 Qe8 8. Re1 Ne4 9. Qc2 Qg6 10. Nd2 Nxd2 11. Bxd2 e5 12. dxe5 dxe5 13. e4 f4 14. Nd5 Bd8 15. Qc3 c6 16. Nb4 Nd7 17. gxf4 exf4 18. Nc2 f3 19. Ne3 Bf6 20. Qd3 Ne5 21. Qf1 fxg2 22. Nxg2 Nf3+ 23. Kh1 Nxd2 24. Qd3 Rd8 25. Qe3 Nxc4 26. Qc5 Be6 27. Nf4 Qf7 28. b3 Bxa1 29. bxc4 Qxf4 30. Rxa1 0-1


[Site "https://www.chess.com"]

[Event "Titled Tuesday Blitz November 07 Early 2023"]
[White "abelmat"]
[Black "Hartikainen, Jarmo"]
[BlackFideId "503134"]
[WhiteElo "1970"]
[BlackElo "2177"]
[Result "0-1"]
[Round "6"]
[TimeControl "180+1"]
[Date "2023.11.07"]
[WhiteClock "0:00:00"]
[BlackClock "0:00:42"]
[Board "207"]

1. d4 d5 2. c4 c5 3. cxd5 Qxd5 4. Nf3 cxd4 5. Qxd4 Qxd4 6. Nxd4 a6 7. e4 e5 8. Nf3 Nc6 9. a3 Nf6 10. Nc3 Nd4 11. Nd5 Nxf3+ 12. gxf3 Nxd5 13. exd5 Bd6 14. Rg1 g6 15. h4 h5 16. Bg5 Be7 17. Kd2 Bf5 18. Bd3 Bxd3 19. Kxd3 Kd7 20. Rac1 Rac8 21. Rxc8 Rxc8 22. b4 Bxg5 23. hxg5 Kd6 24. Ke4 Rc4+ 25. Ke3 Kxd5 26. Rd1+ Ke6 27. Rd8 Rc3+ 28. Ke2 Rxa3 29. Rb8 b5 30. Rb6+ Kf5 0-1


[Site "https://www.chess.com"]

[Event "Titled Tuesday Blitz November 07 Early 2023"]
[White "Martinez Alcantara, Jose Eduardo"]
[Black "Carlsen, Magnus"]
[WhiteFideId "3805662"]
[BlackFideId "1503014"]
[WhiteElo "3059"]
[BlackElo "3267"]
[Result "0-1"]
[Round "7"]
[TimeControl "180+1"]
[Date "2023.11.07"]
[WhiteClock "0:00:00"]
[BlackClock "0:00:55"]
[Board "1"]

1. e4 Nc6 2. Nf3 d6 3. d4 Nf6 4. c3 e5 5. dxe5 dxe5 6. Qxd8+ Nxd8 7. Nfd2 a5 8. a4 Nd7 9. Nb3 Ne6 10. Be3 Ndc5 11. N1d2 Bd7 12. Nxc5 Bxc5 13. Bxc5 Nxc5 14. Bb5 Bxb5 15. axb5 Ke7 16. Ke2 a4 17. f3 Rhd8 18. Rhd1 Ke6 19. Nc4 g6 20. b6 c6 21. h4 f6 22. h5 Ke7 23. hxg6 hxg6 24. Rxd8 Rxd8 25. Rh1 Rd7 26. Rh8 Kf7 27. Ra8 Ke6 28. Ra5 Nd3 29. Rxa4 f5 30. exf5+ gxf5 31. g3 Nc1+ 32. Kf2 Nd3+ 33. Ke2 Nc1+ 34. Kf2 Nd3+ 35. Kf1 f4 36. gxf4 Nxf4 37. Ra8 Kd5 38. b3 Nd3 39. Re8 c5 40. Ne3+ Kc6 41. Nc4 Kb5 42. Nxe5 Nxe5 43. Rxe5 Rd3 44. Ke2 Rxc3 45. Re6 Rxb3 46. f4 c4 47. f5 Rb2+ 48. Ke3 Rb1 49. Ke2 c3 50. Kd3 Kb4 51. Re5 Rb2 52. f6 Rf2 53. Re4+ Kb3 54. Re5 Rf3+ 55. Ke2 Rxf6 56. Rb5+ Kc4 57. Rf5 Rxf5 0-1


[Site "https://www.chess.com"]

[Event "Titled Tuesday Blitz November 07 Early 2023"]
[White "Pranav, V"]
[Black "Andreikin, Dmitry"]
[WhiteFideId "25060783"]
[BlackFideId "4158814"]
[WhiteElo "3064"]
[BlackElo "3118"]
[Result "1-0"]
[Round "7"]
[TimeControl "180+1"]
[Date "2023.11.07"]
[WhiteClock "0:00:15"]
[BlackClock "0:00:03"]
[Board "2"]

1. e4 c5 2. Nf3 e6 3. d4 cxd4 4. Nxd4 Nc6 5. Nc3 a6 6. Be3 Nf6 7. Qf3 h5 8. O-O-O Ng4 9. Nxc6 bxc6 10. Bf4 e5 11. Bg3 Qg5+ 12. Kb1 h4 13. Bc4 Nf6 14. Bxe5 Qxe5 15. Qd3 Rb8 16. f4 Qa5 17. e5 Ng4 18. Ne4 Qb6 19. Bb3 Nf2 20. Nxf2 Qxf2 21. Qc4 Rxb3 22. axb3 Qxg2 23. f5 Rh6 24. Rhe1 Be7 25. f6 gxf6 26. Rg1 Qf3 27. Rd3 Qf2 28. Rg8+ Bf8 29. Qb4 c5 30. Qb8 Qe1+ 31. Rd1 Qxd1+ 32. Ka2 Ke7 33. Qxc8 Qd2 34. Qxf8+ Ke6 35. Qe8+ Kf5 36. c3 fxe5 37. Qxf7+ Rf6 38. Qh7+ Kf4 39. Qxh4+ Kf5 40. Qg4# 1-0


[Site "https://www.chess.com"]

[Event "Titled Tuesday Blitz November 07 Early 2023"]
[White "Firouzja, Alireza"]
[Black "Le, Quang Liem"]
[WhiteFideId "12573981"]
[BlackFideId "12401137"]
[WhiteElo "3082"]
[BlackElo "3057"]
[Result "0-1"]
[Round "7"]
[TimeControl "180+1"]
[Date "2023.11.07"]
[WhiteClock "0:00:02"]
[BlackClock "0:01:01"]
[Board "3"]

1. a3 d5 2. c3 Nf6 3. d4 Bf5 4. Bg5 Nbd7 5. Nd2 e6 6. e3 h6 7. Bh4 Be7 8. Ngf3 O-O 9. Be2 Ne4 10. Bxe7 Qxe7 11. O-O Rfd8 12. Rc1 c5 13. c4 Nxd2 14. Qxd2 Be4 15. cxd5 Bxd5 16. Rc3 Nf6 17. Qd3 cxd4 18. exd4 Ne4 19. Rc2 Rac8 20. Rfc1 Rxc2 21. Rxc2 Nd6 22. Nd2 Nf5 23. Bg4 Qg5 24. h3 Bc6 25. Nb3 Nh4 26. g3 Qd5 27. f4 Qh1+ 28. Kf2 Be4 0-1


[Site "https://www.chess.com"]

[Event "Titled Tuesday Blitz November 07 Early 2023"]
[White "Duda, Jan-Krzysztof"]
[Black "Aravindh, Chithambaram VR."]
[WhiteFideId "1170546"]
[BlackFideId "5072786"]
[WhiteElo "3081"]
[BlackElo "2938"]
[Result "1-0"]
[Round "7"]
[TimeControl "180+1"]
[Date "2023.11.07"]
[WhiteClock "0:00:13"]
[BlackClock "0:00:00"]
[Board "4"]

1. c4 e6 2. Nf3 Nf6 3. g3 b6 4. Bg2 Bb7 5. O-O c5 6. Nc3 Be7 7. d4 cxd4 8. Qxd4 Nc6 9. Qf4 O-O 10. Rd1 d6 11. b3 a6 12. Ng5 Qc7 13. Nce4 h6 14. Nf3 Nxe4 15. Qxe4 Bf6 16. Rb1 Nb4 17. Qe3 Nxa2 18. Bb2 Bxb2 19. Rxb2 Nb4 20. Qd2 Qc5 21. Qxd6 Be4 22. Qxc5 bxc5 23. Ne5 Bxg2 24. Kxg2 Rfd8 25. Rbd2 Rxd2 26. Rxd2 f6 27. Nd7 Rc8 28. Nb6 Rb8 29. Na4 Rc8 30. f4 e5 31. fxe5 fxe5 32. Kf3 Nc6 33. Ke4 Nd4 34. Rb2 Kf7 35. e3 Ne6 36. Kxe5 Rb8 37. Kd6 Rd8+ 38. Kc6 Rd3 39. Nxc5 Rxe3 40. Nxe6 Kxe6 41. b4 h5 42. b5 axb5 43. cxb5 Rc3+ 44. Kb7 g5 45. b6 Kd7 46. Kb8 1-0


[Site "https://www.chess.com"]

[Event "Titled Tuesday Blitz November 07 Early 2023"]
[White "Bluebaum, Matthias"]
[Black "Bauman_Guy"]
[WhiteFideId "24651516"]
[WhiteElo "3073"]
[BlackElo "2928"]
[Result "1/2-1/2"]
[Round "7"]
[TimeControl "180+1"]
[Date "2023.11.07"]
[WhiteClock "0:00:27"]
[BlackClock "0:00:12"]
[Board "5"]

1. d4 Nf6 2. c4 e6 3. Nc3 Bb4 4. e3 O-O 5. Bd2 b6 6. Nf3 Bb7 7. Bd3 d6 8. O-O Nbd7 9. a3 Bxc3 10. Bxc3 Ne4 11. Be1 f5 12. Kh1 a5 13. Ng1 g6 14. f3 Nef6 15. Qe2 e5 16. d5 a4 17. Nh3 h6 18. Bc3 Nc5 19. Bc2 Bc8 20. Rad1 Qe7 21. Qe1 Bd7 22. f4 e4 23. Qh4 Nxd5 24. Qxh6 Nxc3 25. bxc3 Qg7 26. Qh4 Qxc3 27. Rd4 Ne6 28. Ng5 Nxg5 29. Qxg5 Kf7 30. Rxe4 Rae8 31. Rxe8 Rxe8 32. Bd1 Rxe3 33. Qh4 Qxc4 34. Qh7+ Kf8 35. Qh6+ Ke7 36. Qh4+ Ke6 37. Qf2 Qc5 38. Bf3 Kf7 39. Qh4 Kg7 40. Qd8 Bb5 41. Rg1 Qc3 42. h3 Rxf3 43. gxf3 Qxf3+ 44. Rg2 Qf1+ 45. Kh2 Qxf4+ 46. Rg3 Qf2+ 47. Rg2 Qf4+ 48. Rg3 Qf2+ 49. Rg2 Qf4+ 1/2-1/2


[Site "https://www.chess.com"]